cohdb
Replays
Latest Replays
All Replays
Popular Replays
Top Player Replays
Match Explorer
How It Works
Community
CoH3 Stats
Reddit
Sign in to upload your games and track your stats! →
Sign in with Steam
Match 42723052
Unlisted
Match 42723052
Overview
Messages
Build Orders
End
Vickers Machine Gun Team
Construct Section Command Post
Dingo Light Scout Car
Infantry Section
Infantry Section
Grenade Package
Construct Platoon Command Post
6-pounder Anti-tank Gun Team
CMP 15cwt Truck
Selects Indian Artillery Battlegroup
Selects Artillery Saturation
6-pounder Anti-tank Gun Team
Construct Company Command Post
Selects Valour
Selects Gurkha Rifles Section
Gurkha Rifles Section
Matilda II Heavy Tank
Royal Engineer Section
Matilda II Heavy Tank
Armored Vehicle Training
Infantry Training
Selects Volunteer Infantry
Unlock M3 Grant Medium Tanks
M3 Grant Medium Tank
Selects Off-map Airburst Barrage
M3 Grant Medium Tank
Off-map Airburst Barrage
Selects Perimeter Monitor
Perimeter Monitor
Team Weapon Training
M3 Grant Medium Tank
M3 Grant Medium Tank
Perimeter Monitor
Off-map Airburst Barrage
M3 Grant Medium Tank
M3 Grant Medium Tank
Perimeter Monitor
M3 Grant Medium Tank
Off-map Airburst Barrage
Royal Engineer Section
Off-map Airburst Barrage
M3 Grant Medium Tank
M3 Grant Medium Tank
Perimeter Monitor
Walther
bl4ckjack
CalmSassarShow
jhc0928d
zaro
Arnie
Maniax
Dark Angels
0
0
Comments
sign in to comment!
No comments posted yet!